 Dungeon Crawl Stone Soup version 0.28-a0-1212-gc6b4282bc0 (webtiles) character file.

Game seed: 13326419829884358135

23 Htamos the Chopper (level 3, -1/49 HPs)
             Began as a Hill Orc Monk on Dec 21, 2021.
             Slain by a scorpion (2 damage)
             ... on level 2 of the Dungeon.
             The game lasted 00:02:01 (1959 turns).

Htamos the Chopper (Hill Orc Monk)                  Turns: 1959, Time: 00:02:02

Health: -1/49      AC: 21    Str: 12 (15) XL:     3   Next: 0%
Magic:  3/3        EV:  2    Int:  8 (10) God:
Gold:   88         SH:  0    Dex: 10 (13) Spells: 2/2 levels left

rFire   . . .      SeeInvis .   a - +0 hand axe
rCold   . . .      Faith    .   (no shield)
rNeg    . . .      Spirit   .   (armour currently unavailable)
rPois   +          Reflect  .   (helmet currently unavailable)
rElec   .          Harm     .   (cloak currently unavailable)
rCorr   .          Rampage  .   (gloves currently unavailable)
Will    .....      NoTele   +   (boots currently unavailable)
Stlth   ++........              (no amulet)
HPRegen 0.16/turn               (no ring)
MPRegen 0.08/turn               (no ring)

@: tree-form (expiring), invisible
A: stationary, stasis, torment immunity, boosted hp
a: no special abilities


You were on level 2 of the Dungeon.
You were a tree.
You visited 1 branch of the dungeon, and saw 2 of its levels.

You collected 88 gold pieces.

Inventory:

Hand Weapons
 a - a +0 hand axe (weapon)
Armour
 b - a +0 robe
 c - a +0 leather armour (melded)
Jewellery
 h - a +6 ring of dexterity
 l - a ring of magical power
Scrolls
 d - 2 scrolls of identify {unknown}
 f - a scroll of vulnerability {unknown}
 g - a scroll of magic mapping {unknown}
 j - a scroll of teleportation {unknown}
 n - a scroll of summoning {unknown}
Potions
 k - a potion of flight


   Skills:
 + Level 4.1 Fighting
 * Level 5.0 Axes
 - Level 2.4 Dodging
 - Level 1.5 Stealth


You had 2 spell levels left.
You didn't know any spells.
Your spell library contained the following spells:

 Spells                   Type           Power      Damage    Failure   Level
 Scorch                   Fire           0%         2d5       54%         2
 Flame Wave               Conj/Fire      0%         2d4       99%         4
 Summon Cactus Giant      Summ           0%         N/A       100%        6


Dungeon Overview and Level Annotations

Branches:
Dungeon (2/15)

Altars:


Message History

You feel weakened.
You feel dopey.
You feel clumsy.
You feel sick. The scorpion barely misses you.
Unknown command.
You catch the helpless scorpion completely off-guard!
You hit the scorpion but do no damage.
You feel sick.
The scorpion stings you but does no damage.
You closely miss the scorpion.
You feel sick.
The scorpion stings you but does no damage.
You hit the scorpion.
The scorpion is lightly wounded.
You feel sick.
You are no longer poisoned.
The scorpion stings you but does no damage.
The scorpion barely misses you.
You closely miss the scorpion.
The scorpion is lightly wounded.
The scorpion stings you but does no damage.
You hit the scorpion but do no damage.
The scorpion is lightly wounded.
The scorpion stings you but does no damage.
You hit the scorpion but do no damage.
The scorpion is lightly wounded.
The scorpion stings you but does no damage.
You hit the scorpion.
The scorpion is moderately wounded.
The scorpion stings you but does no damage.
You catch the helpless scorpion completely off-guard!
You hit the scorpion but do no damage.
The scorpion is moderately wounded.
The scorpion stings you but does no damage.
The scorpion stings you.
* * * LOW HITPOINT WARNING * * *
You closely miss the scorpion.
The scorpion is moderately wounded.
The scorpion stings you but does no damage.
You hit the scorpion.
The scorpion is heavily wounded.
Your transformation is almost over.
The scorpion stings you.
You die...

#.##.#####.### #.##.#
#...####### #.##.#
#.#.......#
#.##.#####.#.#####.#
#.##....##.#### #.#
###.##.##.##....####.#
#...##.##.##.#.......#
#.#######.############
................♣.#
#.###.###.#######s#
.............# .#
#.##..###.#### .#
..........# .#
#..#...#..# .#
...#...#..# .#
##.#...#..# .#
##.#...#..##


You could see a scorpion.

Vanquished Creatures
  A worm (D:2)
  A dart slug (D:2)
  2 endoplasms (D:1)
  A giant cockroach (D:1)
  A goblin (D:2)
  A hobgoblin (D:2)
  3 quokkas
  A ball python (D:1)
  A frilled lizard (D:1)
  4 kobolds
  A rat (D:2)
17 creatures vanquished.

Notes
Turn   | Place    | Note
-------+----------+-------------------------------------------
     0 | D:1      | Htamos the Hill Orc Monk began the quest for the Orb.
     0 | D:1      | Reached XP level 1. HP: 19/19 MP: 1/1
   412 | D:1      | Reached XP level 2. HP: 17/27 MP: 2/2
  1793 | D:2      | Reached skill level 5 in Axes
  1793 | D:2      | Reached XP level 3. HP: 19/33 MP: 3/3
  1941 | D:2      | Noticed a scorpion
  1957 | D:2      | HP: 1/49 [scorpion (4)]
  1959 | D:2      | Slain by a scorpion

Illustrated notes

Levels and vault maps discovered:
D:1:      dpeg_arrival_simpleton_c, layout_basic, hangedman_glass_teeth
D:2:      layout_basic

Skill      XL: |  1  2 |
---------------+-------+-----
Fighting       | 4 |  4.1
Axes           | 5 |  5.0
Dodging        | |  2.4
Stealth        | |  1.5

Action                   || total
-------------------------++-------
Melee: Hand axe          ||   101
  Use: Potion            ||     4
 Stab: Sleeping          ||     3
       Invisible         ||     2
Armor: Leather armour    ||    15
       Skin              ||    11
Dodge: Dodged            ||    45

Table legend: (Time is in decaauts)
 A = Elapsed time spent in this place.
 B = Non-inter-level travel time spent in this place.
 C = Inter-level travel time spent in this place.
 D = Time resting spent in this place.
 E = Time spent auto-exploring this place.
 F = Levels seen in this place.
 G = Mean time per level.
                   A        B        C        D        E       F      G
               +--------+--------+--------+--------+--------+-----+--------+
         Total |   1964 |   1908 |     56 |    145 |   1510 |   2 |  982.0 |
       Dungeon |   1964 |   1908 |     56 |    145 |   1510 |   2 |  982.0 |
               +--------+--------+--------+--------+--------+-----+--------+

Top non-repeatable levels by time:
     D:2: 989 daAuts
     D:1: 975 daAuts
